 Dungeon Crawl Stone Soup version 0.19.0-22-gd96e5fe (webtiles) character file.

119 Monsterracer the Chopper (level 5, 0/45 HPs)
             Began as a Hill Orc Fighter on Nov 19, 2016.
             Slain by Sigmund
             ... wielding a +2 scythe of slicing
              (1 damage)
             ... on level 3 of the Dungeon.
             The game lasted 00:02:51 (1487 turns).

Monsterracer the Chopper (Hill Orc Fighter)         Turns: 1487, Time: 00:02:52

Health: 0/45       AC: 10    Str: 24    XL:     5   Next: 3%
Magic:  5/5        EV:  8    Int:  8    God:
Gold:   153        SH:  4    Dex: 11    Spells: 0 memorised, 4 levels left

rFire  . . .     SeeInvis .     a - +0 war axe
rCold  . . .     Gourm    .     u - +0 chain mail
rNeg   . . .     Faith    +     g - +0 buckler
rPois  .         Spirit   .     q - +1 hat
rElec  .         Reflect  .     (no cloak)
rCorr  .         Harm     .     (no gloves)
MR     .....                    (no boots)
Stlth  ..........               e - amulet of faith
                                (no ring)
                                (no ring)

@: mighty
A: no striking features
a: no special abilities


You were on level 3 of the Dungeon.
You were not hungry.

You visited 1 branch of the dungeon, and saw 3 of its levels.

You collected 153 gold pieces.

Inventory:

Hand Weapons
 a - a +0 war axe (weapon)
Armour
 g - a +0 buckler (worn)
 q - a +1 hat (worn)
 u - a +0 chain mail (worn)
Jewellery
 e - an amulet of faith (around neck)
Scrolls
 c - 5 scrolls of identify {unknown}
 h - a scroll of fear {unknown}
 i - a scroll of remove curse {unknown}
 k - a scroll of amnesia {unknown}
 l - 2 scrolls of blinking {unknown}
 m - 2 scrolls of teleportation {unknown}
 n - a scroll of magic mapping {unknown}
 o - a scroll of recharging {unknown}
 p - 2 scrolls of random uselessness {unknown}
Potions
 d - a potion of might
 t - a potion of curing
Comestibles
 f - 4 bread rations
 j - a beef jerky
 r - 2 chunks of flesh
 s - 2 fruits


   Skills:
 - Level 3.6 Fighting
 + Level 6.7 Axes
 - Level 3.2 Armour
 - Level 3.2 Shields


You had 4 spell levels left.
You didn't know any spells.

Dungeon Overview and Level Annotations

Branches:
Dungeon (3/15)

Altars:
Fedhas

Annotations:
D:3 Sigmund


Message History

You feel stronger. Something hits you but does no damage.
A bat comes into view.
You feel sick.
You see here an adder corpse.
You miss something. Something hits you.
You completely miss something. Something hits you!
You closely miss something.
You feel sick. Something hits you but does no damage.
You miss something. You closely miss something. Something hits you.
* * * LOW HITPOINT WARNING * * *
x2 You barely miss something.
You hear some strange, mumbled words.
Something tries to affect you, but you resist.
You miss something.
You feel sick.
You are no longer poisoned.
Something hits you!
* * * LOW HITPOINT WARNING * * *
You die...

.. ##..(........##.##
.... #..#.............. .
...##....(..#..<#..<..
............#####....#..
...........(######()....
........#..[.##..).##...
.........(......#####..รท
......#.#........# ##..
.....b{@)>...###.#####..
......##.###...#........
......#........##..###..
.... #...........# #...
... #...........# ##.. ..
#..........## #.. .
#...>..)..## ##.
...........# #.
............# #.


You could see a bat.

Vanquished Creatures
  Natasha (D:3)
  2 adders
  2 worms (D:2)
  5 dart slugs
  2 leopard geckos
  2 giant cockroaches (D:2)
  14 goblins
  7 hobgoblins
  9 kobolds
  A quokka (D:2)
  8 bats
  A frilled lizard (D:1)
  4 rats
58 creatures vanquished.

Vanquished Creatures (others)
  A giant cockroach (D:3)
1 creature vanquished.

Grand Total: 59 creatures vanquished

Notes
Turn   | Place    | Note
-------+----------+-------------------------------------------
     0 | D:1      | Monsterracer the Hill Orc Fighter began the quest for the Orb.
     0 | D:1      | Reached XP level 1. HP: 19/19 MP: 1/1
     5 | D:1      | Noticed a troll
    10 | D:1      | Noticed a minotaur skeleton
    14 | D:1      | Noticed a draconian
    20 | D:1      | Noticed a ghoul
    36 | D:1      | Reached skill level 3 in Axes
    49 | D:1      | Reached XP level 2. HP: 26/26 MP: 2/2
   207 | D:1      | Reached skill level 4 in Axes
   283 | D:1      | Reached XP level 3. HP: 31/31 MP: 3/3
   531 | D:2      | Reached skill level 5 in Axes
   679 | D:2      | Found a blossoming altar of Fedhas.
   831 | D:2      | Reached XP level 4. HP: 37/39 MP: 4/4
  1236 | D:3      | Noticed Natasha
  1248 | D:3      | Reached skill level 6 in Axes
  1254 | D:3      | Killed Natasha
  1471 | D:3      | Noticed Sigmund
  1479 | D:3      | Reached XP level 5. HP: 29/45 MP: 5/5
  1487 | D:3      | HP: 1/45 [something (9)]
  1487 | D:3      | Slain by Sigmund

Skill      XL: |  1  2  3  4 |
---------------+-------------+-----
Axes           | 3 4 5 6 |  6.7
Fighting       | |  3.6
Armour         | |  3.2
Shields        | |  3.2

Action                   |  1- 3 |  4- 6 || total
-------------------------+-------+-------++-------
Melee: War axe           |    83 |    49 ||   132
  Use: Potion            |     1 |     2 ||     3
  Eat: Chunk             |       |     2 ||     2
Armor: Scale mail        |    45 |    14 ||    59
       Chain mail        |       |    10 ||    10
Dodge: Dodged            |    30 |    20 ||    50
Block: Shield            |    11 |       ||    11
       Buckler           |    11 |    12 ||    23
